 Dungeon Crawl Stone Soup version 0.30-a0-476-g330ca2eb8e (webtiles) character file.

Game seed: 6508672888583864840

1696 damiac the Sneak (level 8, -2/40 HPs)
             Began as a Spriggan Conjurer on Dec 22, 2022.
             Was a Follower of Sif Muna.
             Slain by a hornet (11 damage)
             ... on level 5 of the Dungeon.
             The game lasted 00:26:53 (6897 turns).

damiac the Sneak (Spriggan Conjurer)                Turns: 6897, Time: 00:26:53

Health: -2/40      AC:  5    Str:  9    XL:     8   Next: 72%
Magic:  0/18       EV: 19    Int: 21    God:    Sif Muna [*.....]
Gold:   248        SH:  0    Dex: 14    Spells: 9/19 levels left

rFire   . . .      SeeInvis +    y - +1 dagger (vamp)
rCold   . . .      Faith    .    (no shield)
rNeg    . . .      Spirit   .    a - +0 robe
rPois   .          Reflect  .    (helmet restricted)
rElec   .          Harm     .    o - +2 cloak
rCorr   .          Rampage  .    (gloves unavailable)
Will    +....                    (boots unavailable)
Stlth   ++++......               f - amulet of the acrobat
HPRegen 0.26/turn                v - +6 ring of strength
MPRegen 0.16/turn                q - ring of wizardry

@: slowed, quick
A: very small, no large weapons, unfitting armour, see invisible, speed 3
a: Renounce Religion, Channel Magic


You were on level 5 of the Dungeon.
You worshipped Sif Muna.
Sif Muna was aware of your devotion.
You visited 1 branch of the dungeon, and saw 7 of its levels.

You collected 248 gold pieces.

Inventory:

Hand Weapons
 c - a +0 short sword
 d - a +0 rapier
 p - a +1 dagger of speed
 y - a +1 vampiric dagger (weapon)
Missiles
 m - 25 stones
Armour
 a - a +0 robe (worn)
 o - a +2 cloak (worn)
Jewellery
 f - an amulet of the acrobat (around neck)
 h - a +6 ring of intelligence
 q - a ring of wizardry (right hand)
 u - a ring of protection from fire
 v - a +6 ring of strength (left hand)
Wands
 s - a wand of mindburst (19)
 t - a wand of paralysis (8)
 x - a wand of iceblast (5)
Scrolls
 e - 2 scrolls of fear
 r - a scroll of enchant weapon
 w - 2 scrolls of teleportation
Potions
 b - a potion of magic
 g - 2 potions of heal wounds
 i - 2 potions of brilliance
 j - a potion of mutation
 k - a potion of flight
 l - a potion of attraction
 n - 4 potions of curing


   Skills:
 + Level 3.5 Fighting
 + Level 2.5 Short Blades
 + Level 6.4 Dodging
 + Level 7.6 Stealth
 + Level 6.1 Spellcasting
 + Level 4.5 Conjurations
 - Level 4.2 Hexes
 + Level 0.0 Invocations


You had 9 spell levels left.
You knew the following spells:

 Your Spells              Type           Power      Damage    Failure   Level
a - Magic Dart            Conj           100%       1d8       1%          1
b - Searing Ray           Conj           50%        2d6       1%          2
c - Dazzling Flash        Conj/Hex       48%        N/A       1%          3
d - Fulminant Prism       Conj/Hex       12%        3d9       6%          4

Your spell library contained the following spells:

 Spells                   Type           Power      Damage    Failure   Level
 Iskenderun's Mystic Bla  Conj/Tloc      15%        2d5       16%         4
 Alistair's Intoxication  Tmut/Pois      4%         N/A       69%         5
 Borgnjor's Vile Clutch   Necr/Erth      3%         N/A       69%         5
 Eringya's Noxious Bog    Tmut/Pois      3%         N/A       99%         6


Dungeon Overview and Level Annotations

Branches:
Dungeon (7/15)             Temple (0/1) D:5

Altars:
Qazlal
Sif Muna
Uskayaw
Xom

Annotations:
D:7 3 runed translucent doors


Innate Abilities, Weirdness & Mutations

You are very small and have problems with some larger weapons.
You are too small for most types of armour.
You have supernaturally acute eyesight. (SInv)
You cover ground extremely quickly. (Speed+++)


Message History

Press: ? - help, Shift-Dir - straight line, f - fulminant prism
Aim: a fulminant prism (friendly, 100% to hit)
The magic dart hits the hornet but does no damage.
The hornet is heavily wounded.
The hornet closely misses you.
Your fulminant prism explodes!
The blast of energy engulfs the hornet!
The hornet is almost dead.
The hornet misses you.
Casting: Magic Dart (safe; 1% risk of failure)
Confirm with . or Enter, or press ? or * to list all spells.
Aiming: Magic Dart (safe; 1% risk of failure)
Press: ? - help, Shift-Dir - straight line, f - hornet
Aim: a hornet (almost dead, 100% to hit)
The magic dart hits the hornet but does no damage.
The hornet is almost dead.
The hornet misses you. x2
The hornet attacks as you move away! The hornet barely misses you.
Casting: Magic Dart (safe; 1% risk of failure)
Confirm with . or Enter, or press ? or * to list all spells.
Aiming: Magic Dart (safe; 1% risk of failure)
Press: ? - help, Shift-Dir - straight line, f/p - hornet
Aim: a hornet (almost dead, 100% to hit)
The magic dart hits the hornet.
The hornet is almost dead.
You feel yourself speed up. The hornet stings you.
* * * LOW HITPOINT WARNING * * *
You feel yourself slow down. The hornet misses you.
The hornet completely misses you.
You hit the hornet but do no damage.
The hornet is almost dead.
The hornet stings you.
* * * LOW HITPOINT WARNING * * *
You feel as though you will be slow longer.
The hornet misses you.
You hit the hornet but do no damage.
The hornet is almost dead.
The hornet closely misses you. The hornet stings you!
You die...

'#### ################### ....#
#....>............#
....###.............###.###
........##................#
.###............#...#.....#
.###....##.###..#.###.....#
.......[).........# #.#)###
.......>##......#####.#.#
####....###....y@.......#
####........###.......#.#########
...###...###...###...###...##....
....#.###.#.....#.###.#.....#.###
...#...#...#...#...#...#...#..# #
####...#...#####...#...#####..# #
...#...#...#...#...#...#...#..# #
....#.###.#.....#.###.#.....#.###
...###...###...###...###...##.#..


You could see a hornet.

Vanquished Creatures
  A hornet (D:7)
  A wyvern (D:5)
  Menkaure (D:5)
  A black bear (D:5)
  A sky beast (D:5)
  An ice beast (D:5)
  2 ogres (D:5)
  2 necrophages (D:4)
  2 wights (D:5)
  A howler monkey (D:4)
  An orc priest (D:3)
  2 hounds (D:7)
  Ijyb (D:5)
  Natasha (thrice) (D:2)
  5 orc wizards
  6 gnolls
  4 adders
  A white imp (D:5)
  2 ufetubi
  5 dart slugs
  19 orcs
  6 ball pythons
  6 bats
  5 endoplasms
  2 giant cockroaches (D:1)
  7 goblins
  2 hobgoblins
  2 jackals (D:1)
  3 quokkas
  2 frilled lizards
  4 kobolds
  3 rats (D:1)
104 creatures vanquished.

Vanquished Creatures (others)
  2 fulminant prisms
  19 plants
21 creatures vanquished.

Grand Total: 125 creatures vanquished

Notes
Turn   | Place    | Note
-------+----------+-------------------------------------------
     0 | D:1      | damiac the Spriggan Conjurer began the quest for the Orb.
     0 | D:1      | Reached XP level 1. HP: 9/9 MP: 5/5
   323 | D:1      | Reached XP level 2. HP: 14/14 MP: 4/6
   334 | D:1      | Learned a level 2 spell: Searing Ray
   909 | D:2      | Found a shimmering altar of Xom.
  1055 | D:2      | Reached XP level 3. HP: 17/17 MP: 4/8
  1530 | D:2      | Reached skill level 1 in Fighting
  1746 | D:2      | Reached skill level 4 in Stealth
  1749 | D:2      | Reached XP level 4. HP: 22/22 MP: 1/10
  1954 | D:2      | Noticed Natasha
  1960 | D:2      | Killed Natasha
  2187 | D:2      | Noticed Natasha
  2193 | D:2      | Killed Natasha
  2210 | D:2      | Noticed Natasha
  2231 | D:2      | Killed Natasha
  2232 | D:2      | Reached XP level 5. HP: 21/25 MP: 6/11
  2319 | D:3      | Learned a level 3 spell: Dazzling Flash
  2324 | D:3      | Learned a level 4 spell: Fulminant Prism
  2575 | D:3      | Found a stormy altar of Qazlal.
  2860 | D:3      | Found a faded altar of an unknown god.
  3637 | D:4      | Reached skill level 5 in Stealth
  3685 | D:4      | Reached XP level 6. HP: 30/30 MP: 1/13
  3885 | D:4      | Reached skill level 1 in Hexes
  3963 | D:4      | Found a shimmering blue altar of Sif Muna.
  4294 | D:4      | Became a worshipper of Sif Muna the Loreminder
  4899 | D:5      | Entered Level 5 of the Dungeon
  4962 | D:5      | Reached skill level 5 in Dodging
  4962 | D:5      | Reached XP level 7. HP: 35/35 MP: 6/15
  5040 | D:5      | Noticed Ijyb
  5043 | D:5      | Found a staircase to the Ecumenical Temple.
  5054 | D:5      | Killed Ijyb
  5337 | D:5      | Reached skill level 6 in Stealth
  5337 | D:5      | Reached skill level 5 in Spellcasting
  5439 | D:5      | Noticed a wyvern
  5475 | D:5      | Killed a wyvern
  5632 | D:5      | Noticed Menkaure
  5652 | D:5      | Killed Menkaure
  5653 | D:5      | Reached skill level 1 in Short Blades
  5653 | D:5      | Reached XP level 8. HP: 40/40 MP: 5/17
  5941 | D:5      | You fall into a shaft and drop 2 floors!
  5968 | D:7      | Noticed a hornet
  5980 | D:7      | Killed a hornet
  5981 | D:7      | Reached skill level 7 in Stealth
  6258 | D:7      | Found a runed translucent gate.
  6259 | D:7      | Found a runed translucent gate.
  6259 | D:7      | Found a runed translucent gate.
  6507 | D:5      | Found a hide-covered altar of Uskayaw.
  6814 | D:5      | Reached * piety under Sif Muna
  6850 | D:6      | Noticed a hornet
  6897 | D:5      | Slain by a hornet

Illustrated notes

Levels and vault maps discovered:
D:1:      amcnicky_arrival_feature_with_door, layout_basic,
          hangedman_feature_mirror
D:2:      layout_loops_corners, basic_altar, uniq_natasha
D:3:      layout_rooms, nicolae_qazlal_scattered_showers,
          hellmonk_ecumenical_altar_leap_of_faith, grunt_ministairs_7,
          minmay_misc_feat_four_crosses, serial_bayou_pond_c
D:4:      layout_rooms, old_standard_altar, serial_co_window_serial,
          co_window_of_opportunity_a, co_window_paths_b, co_window_paths_b,
          co_window_paths_a, co_window_paths_a, co_window_corner_a,
          co_window_broadway_a, co_window_of_opportunity_b, co_window_cross_4,
          co_window_paths_c, co_window_broadway_c, co_window_4corner_a,
          glass_columns_b, glass_columns_b, glass_columns_a, glass_columns_c,
          glass_columns_a, nrook_mini_backslash, minmay_crystal_water
D:5:      nicolae_cairo_tiling, layout_basic, kennysheep_mini,
          minmay_temple_entry_gardened_gates, chequers_serial_rivers_marsh,
          uniq_ijyb, uniq_menkaure
D:6:      layout_rooms, uniq_blork_the_orc
D:7:      layout_gridville, marbit_many_paths, gammafunk_ghost_cemetery

Skill      XL: |  1  2  3  4  5  6  7  8 |
---------------+-------------------------+-----
Conjurations   | 3 4 |  4.5
Dodging        | 3 4 5 6 |  6.4
Spellcasting   | 3 4 5 6 |  6.1
Fighting       | 1 2 3 |  3.5
Stealth        | 4 5 6 7 |  7.6
Hexes          | 2 3 4 |  4.2
Short Blades   | 1 2 |  2.5

Action                   |  1- 3 |  4- 6 |  7- 9 || total
-------------------------+-------+-------+-------++-------
Melee: Short sword       |    25 |    31 |       ||    56
       Rapier            |       |     7 |       ||     7
       Dagger            |       |    30 |    54 ||    84
 Cast: Magic Dart        |    47 |   139 |    69 ||   255
       Searing Ray       |     1 |     8 |    13 ||    22
       Fulminant Prism   |       |       |     2 ||     2
       Dazzling Flash    |       |       |     1 ||     1
  Use: Scroll            |     1 |    11 |     4 ||    16
       Potion            |       |       |     2 ||     2
Armor: Robe              |     1 |     7 |    13 ||    21
Dodge: Dodged            |    20 |    66 |   144 ||   230

Table legend: (Time is in decaauts)
 A = Elapsed time spent in this place.
 B = Non-inter-level travel time spent in this place.
 C = Inter-level travel time spent in this place.
 D = Time resting spent in this place.
 E = Time spent auto-exploring this place.
 F = Levels seen in this place.
 G = Mean time per level.
                   A        B        C        D        E       F      G
               +--------+--------+--------+--------+--------+-----+--------+
         Total |   5326 |   5085 |    241 |    113 |   4015 |   7 |  760.9 |
       Dungeon |   5326 |   5085 |    241 |    113 |   4015 |   7 |  760.9 |
               +--------+--------+--------+--------+--------+-----+--------+

Top non-repeatable levels by time:
     D:5: 1247 daAuts
     D:4: 1195 daAuts
     D:2: 1106 daAuts
     D:3: 787 daAuts
     D:1: 660 daAuts
     D:7: 301 daAuts
     D:6: 28 daAuts
